 Dungeon Crawl Stone Soup version 0.25-a0-458-g6fc7858b95 (webtiles) character file.

Game seed: 17702633344580606401, levelgen mode: deterministic

6106 funkygono the Geomancer (level 10, -29/60 HPs)
             Began as a Gargoyle Earth Elementalist on Feb 2, 2020.
             Was a Believer of Vehumet.
             Killed from afar by a fire dragon (46 damage)
             ... with a blast of flame
             ... on level 9 of the Dungeon.
             The game lasted 00:36:26 (10674 turns).

funkygono the Geomancer (GrEE)                     Turns: 10674, Time: 00:36:26

Health: -29/60     AC: 20    Str: 13    XL:     10   Next: 89%
Magic:  11/22      EV: 11    Int: 18    God:    Vehumet [**....]
Gold:   662        SH:  0    Dex: 10    Spells: 9/25 levels left

rFire    . . .     SeeInvis .   m - +2 flail (protect)
rCold    . . .     Gourm    .   (no shield)
rNeg     + . .     Faith    .   p - +0 acid dragon scales
rPois    ∞         Spirit   .   r - +1 helmet
rElec    +         Reflect  .   (no cloak)
rCorr    +         Harm     .   f - +0 pair of gloves
MR       .....                  B - +0 pair of boots
Stlth    ++........             (no amulet)
HPRegen  0.20/turn              E - ring of wizardry
MPRegen  0.18/turn              (no ring)

@: no status effects
A: negative energy resistance 1, electricity resistance, unbreathing,
petrification resistance, rot immunity, AC +7
a: Renounce Religion


You were on level 9 of the Dungeon.
You worshipped Vehumet.
Vehumet was pleased with you.
You were not hungry.

You visited 2 branches of the dungeon, and saw 10 of its levels.

You collected 662 gold pieces.

Inventory:

Hand Weapons
 g - a +3 whip of flaming
 m - a +2 flail of protection (weapon)
Missiles
 b - 137 stones (quivered)
Armour
 f - a +0 pair of gloves (worn)
 o - a +2 leather armour of positive energy
 p - +0 acid dragon scales (worn)
 r - a +1 helmet (worn)
 B - a +0 pair of boots (worn)
Jewellery
 E - a ring of wizardry (left hand)
Wands
 n - a wand of acid (13)
 s - a wand of polymorph (9)
 A - a wand of disintegration (12)
 C - a wand of flame (13)
Scrolls
 c - a scroll of brand weapon
 h - 7 scrolls of amnesia
 k - 4 scrolls of remove curse
 l - 4 scrolls of identify
 y - 2 scrolls of fear
 F - a scroll of magic mapping
Potions
 a - 2 potions of degeneration
 e - 4 potions of mutation
 i - 4 potions of flight
 j - 7 potions of curing
 q - a potion of agility
 t - a potion of magic
 u - a potion of haste
 v - a potion of lignification
 x - a potion of resistance
 D - a potion of cancellation
Miscellaneous
 z - a box of beasts
Comestibles
 d - 10 rations


   Skills:
 + Level 6.0 Fighting
 + Level 4.8(5.4) Maces & Flails
   Level 3.5(4.7) Staves
 + Level 7.4 Armour
 - Level 1.5 Dodging
 + Level 3.1 Stealth
 + Level 8.4 Spellcasting
 + Level 7.9 Conjurations
 + Level 0.4 Hexes
   Level 0.7 Transmutations
 * Level 1.8 Fire Magic
 + Level 9.0 Earth Magic


You had 9 spell levels left.
You knew the following spells:

 Your Spells              Type           Power        Failure   Level  Hunger
a - Sandblast             Erth           #####.       1%          1    None
b - Stone Arrow           Conj/Erth      #####.       1%          3    None
c - Lee's Rapid Deconstr  Erth           #####.....   3%          5    #####..
d - Magic Dart            Conj           ####         1%          1    None
e - Searing Ray           Conj           #####.       1%          2    None
f - Dazzling Flash        Conj/Hex       ###...       2%          3    None
g - Foxfire               Conj/Fire      ####         1%          1    None

Your spell library contained the following spells:

 Spells                   Type           Power        Failure   Level  Hunger
 Passwall                 Tmut/Erth      ####....     1%          2    None
 Petrify                  Tmut/Erth      ####....     7%          4    ###....
 Fulminant Prism          Conj/Hex       ###.......   9%          4    ###....
 Iskenderun's Mystic Bla  Conj/Tloc      ###.....     10%         4    ###....


Dungeon Overview and Level Annotations

Branches:
Dungeon (9/15)             Temple (1/1) D:5
   Lair: D:8-11         Orc: D:9-12

Altars:
Ashenzari
Cheibriados
Dithmenos
Elyvilon
Fedhas
Gozag
Hepliaklqana
Kikubaaqudgha
Makhleb
Nemelex Xobeh
Okawaru
Qazlal
Ru
Sif Muna
Trog
Uskayaw
Vehumet
Wu Jian
Xom
Yredelemnul
Zin
The Shining One

Shops:
D:8 [

Annotations:
D:5 3 runed translucent doors, Hasart's ghost, novice OpFi


Innate Abilities, Weirdness & Mutations

You are resistant to torment.
Your stone body is resilient. (AC +7)
You are immune to poison.
You resist negative energy. (rN+)
You are resistant to electric shocks. (rElec)
You can survive without breathing.
You are immune to petrification.
You are immune to rotting.


Message History

The blast of rock fragments hits the fire dragon.
The fire dragon is lightly wounded.
The fire dragon breathes flames at you. The blast of flame hits you!!!
Ouch! That really hurt!
* * * LOW HITPOINT WARNING * * *
Okay, then.
Okay, then.
You feel much better.
You hit the fire dragon but do no damage.
Your weapon exudes an aura of protection.
The fire dragon is lightly wounded.
The fire dragon bites you!
* * * LOW HITPOINT WARNING * * *
The fire dragon barely misses you. The fire dragon completely misses you.
Your magical contamination has completely faded away.
The fire dragon breathes flames at you. The blast of flame hits you!!!
Ouch! That really hurt!
You die...

#..........#....#....
#..........#....#....
#..........#....#....
#..######..#....#.... #..#
#..#....#...# #######..#
#..#....#...# #........#
#..#....#...#
#........######..#....#...#
#.........@......######...#
#.........#####............
#........D#...'............
#.........#...#......).....
#######...#...#............
###.#...#............
#######.#...#..######....
###D.D.##.#...#..#....#....
#...##.##.#...#..#....#....


You could see a fire dragon.

Vanquished Creatures
  A two-headed ogre (D:8)
  Maggie (D:6)
  A troll (D:9)
  Prince Ribbit (D:8)
  A hippogriff (D:9)
  Sigmund (D:3)
  A wyvern (D:8)
  6 yaks (D:9)
  Edmund (D:3)
  A black bear (D:9)
  An orc warrior (D:6)
  2 sky beasts
  An ice beast (D:7)
  5 ogres
  3 centaurs
  A big kobold (D:8)
  3 bullfrogs
  2 scorpions
  5 wights (D:9)
  3 crimson imps
  A bullfrog zombie (D:5)
  3 hounds
  2 quasits
  2 orc priests
  4 orc wizards
  Jessica (D:3)
  Ijyb (D:3)
  3 iguanas
  8 worker ants
  A worker ant zombie (D:5)
  4 gnolls
  6 adders
  2 shadow imps (D:9)
  2 oozes
  An adder skeleton (D:7)
  An adder zombie (D:9)
  3 worms
  5 dart slugs
  4 leopard geckos
  21 orcs
  8 bats
  6 giant cockroaches
  10 hobgoblins
  15 jackals
  A quokka (D:5)
  2 ball pythons
  4 frilled lizards
  8 goblins
  13 kobolds
  A leopard gecko skeleton (D:4)
  A quokka skeleton (D:4)
  3 rats
188 creatures vanquished.

Vanquished Creatures (others)
  2 foxfires (D:9)
2 creatures vanquished.

Grand Total: 190 creatures vanquished

Notes
Turn   | Place    | Note
-------+----------+-------------------------------------------
     0 | D:1      | funkygono the Gargoyle Earth Elementalist began the quest
                  | for the Orb.
     0 | D:1      | Reached XP level 1. HP: 10/10 MP: 3/3
   127 | D:1      | Reached skill level 4 in Earth Magic
   175 | D:1      | Reached XP level 2. HP: 15/15 MP: 3/5
   376 | D:1      | Reached XP level 3. HP: 19/19 MP: 2/6
   909 | D:1      | Learned a level 3 spell: Stone Arrow
  1568 | D:2      | Reached XP level 4. HP: 24/24 MP: 0/8
  2006 | D:3      | Noticed Sigmund
  2023 | D:3      | Killed Sigmund
  2023 | D:3      | Reached skill level 1 in Armour
  2023 | D:3      | Reached skill level 1 in Conjurations
  2023 | D:3      | Reached skill level 5 in Earth Magic
  2023 | D:3      | Reached XP level 5. HP: 4/28 MP: 1/10
  2023 | D:3      | Reached XP level 6. HP: 5/33 MP: 1/11
  2284 | D:3      | Learned a level 5 spell: Lee's Rapid Deconstruction
  2699 | D:3      | Learned a level 1 spell: Magic Dart
  3329 | D:3      | Noticed Ijyb
  3343 | D:3      | Killed Ijyb
  3453 | D:3      | Noticed Jessica
  3455 | D:3      | Killed Jessica
  3455 | D:3      | Reached skill level 6 in Earth Magic
  3684 | D:4      | Noticed Edmund
  4220 | D:4      | Reached XP level 7. HP: 37/37 MP: 9/13
  5028 | D:4      | Reached skill level 5 in Fighting
  5028 | D:4      | Reached skill level 8 in Earth Magic
  5028 | D:4      | Reached XP level 8. HP: 51/51 MP: 14/18
  5032 | D:4      | Learned a level 2 spell: Searing Ray
  5036 | D:4      | Learned a level 3 spell: Dazzling Flash
  5068 | D:5      | Entered Level 5 of the Dungeon
  5110 | D:5      | Found a shimmering altar of Xom.
  5261 | D:5      | Found a shimmering altar of Xom.
  5428 | D:5      | Found a runed translucent gate.
  5434 | D:5      | Found a runed translucent gate.
  5434 | D:5      | Found a runed translucent gate.
  5437 | D:5      | Noticed Hasart's ghost (novice OpFi)
  5597 | D:5      | Found an ancient bone altar of Kikubaaqudgha.
  5656 | D:5      | Found a staircase to the Ecumenical Temple.
  5665 | Temple   | Entered the Ecumenical Temple
  5687 | Temple   | Became a worshipper of Vehumet
  6056 | D:3      | Killed Edmund
  6134 | D:6      | Noticed Maggie
  6154 | D:6      | Killed Maggie
  6154 | D:6      | Reached XP level 9. HP: 16/55 MP: 1/19
  8234 | D:8      | Reached * piety under Vehumet
  8234 | D:8      | Offered knowledge of Shock by Vehumet.
  8262 | D:8      | Reached XP level 10. HP: 55/60 MP: 1/21
  8579 | D:8      | Noticed Prince Ribbit
  8585 | D:8      | Killed Prince Ribbit
  8643 | D:8      | Found Nawott's Antique Armour Shop.
  9087 | D:9      | Noticed a two-headed ogre
  9103 | D:8      | Killed a two-headed ogre
  9482 | D:9      | Reached ** piety under Vehumet
  9630 | D:9      | Offered knowledge of Foxfire by Vehumet.
  9650 | D:9      | Learned a level 1 spell: Foxfire
  9748 | D:9      | Reached skill level 1 in Fire Magic
 10198 | D:9      | Reached skill level 9 in Earth Magic
 10224 | D:9      | Noticed a fire dragon
 10653 | D:9      | HP: 3/60 [fire dragon/blast of flame (57)]
 10674 | D:9      | Killed from afar by a fire dragon

Levels and vault maps discovered:
D:1:      dpeg_arrival_lava_temple_mockup, layout_loops_cross
D:2:      minmay_spotlight, layout_loops_cross, first_ration,
          cheibrodos_gnoll_hut
D:3:      layout_loops_cross, dk_noncrumbling_4, saegor_snake_ambush,
          uniq_jessica, uniq_ijyb, uniq_sigmund
D:4:      layout_rooms, uniq_edmund
D:5:      layout_cave_pools, lemuel_round_altar, minmay_temple_entry_glass,
          ebering_ghost_rock_garden, hangedman_decor_growths, xom_redecorated
D:6:      layout_cave_pools, serial_bayou_pond_c, uniq_maggie
D:7:      layout_rooms, minivault_10
D:8:      cheibrodos_elevator_heist, layout_basic, serial_shops,
          kennysheep_little_box, uniq_prince_ribbit1
D:9:      dragon1_lemuel, layout_irregular_city
Temple:   regret_index_temple_sigil_plot

Skill      XL: |  1  2  3  4  5  6  7  8  9 10 |
---------------+-------------------------------+-----
Earth Magic    | 4 5 6 8 9 |  9.0
Armour         | 1 2 6 7 |  7.4
Spellcasting   | 3 4 6 7 8 |  8.4
Conjurations   | 1 2 6 7 |  7.9
Fighting       | 5 6 |  6.0
Maces & Flails | 3 4 |  4.8
Staves         | 3 |  3.5
Stealth        | 3 |  3.1
Fire Magic     | 1 |  1.8
Dodging        | |  1.5
Hexes          | |  0.4
Transmutations | |  0.7

Action                   |  1- 3 |  4- 6 |  7- 9 | 10-12 || total
-------------------------+-------+-------+-------+-------++-------
Melee: Whip              |    31 |    46 |    44 |       ||   121
       Flail             |       |       |    68 |    24 ||    92
 Cast: Sandblast         |    35 |    37 |    36 |     6 ||   114
       Stone Arrow       |     9 |    29 |    32 |    23 ||    93
       Magic Dart        |       |    45 |   118 |    42 ||   205
       Searing Ray       |       |       |     9 |    17 ||    26
       Lee's Rapid Decon |       |       |     1 |     2 ||     3
       Dazzling Flash    |       |       |       |     4 ||     4
       Foxfire           |       |       |       |     1 ||     1
  Use: Scroll            |       |    13 |    11 |     3 ||    27
       Potion            |       |       |     1 |     1 ||     2
 Stab: Invisible         |       |       |       |     1 ||     1
  Eat: Chunk             |     3 |     6 |     9 |     7 ||    25
       Ration            |       |     2 |     1 |     1 ||     4
Armor: Robe              |     7 |     6 |       |       ||    13
       Leather armour    |       |    19 |    89 |    15 ||   123
       Acid dragon scale |       |       |       |    10 ||    10
Dodge: Dodged            |    28 |    45 |    78 |    39 ||   190

Table legend:
 A = Non-vault XP
 B = Vault XP
 C = Vault XP percentage of total XP
 D = Non-vault monster count
 E = Vault monster count
 F = Vault count percentage of total count
                 A         B        C        D         E       F
            +---------+---------+-------+---------+---------+-------
      Total |    6652 |    1190 |  15.2 |     174 |      14 |   7.4
            +---------+---------+-------+---------+---------+-------
        D:1 |      55 |       0 |   0.0 |      29 |       0 |   0.0
        D:2 |      18 |      23 |  56.1 |       9 |       7 |  43.8
        D:3 |      86 |     475 |  84.7 |      22 |       5 |  18.5
        D:4 |     432 |       0 |   0.0 |      26 |       0 |   0.0
        D:5 |     297 |       0 |   0.0 |       8 |       0 |   0.0
        D:6 |     692 |     409 |  37.1 |      16 |       1 |   5.9
        D:7 |     763 |       0 |   0.0 |      15 |       0 |   0.0
        D:8 |    1881 |     283 |  13.1 |      22 |       1 |   4.3
        D:9 |    2428 |       0 |   0.0 |      27 |       0 |   0.0
            +---------+---------+-------+---------+---------+-------
